 Dungeon Crawl Stone Soup version 0.20-a0-540-ge6d1839 (webtiles) character file.

20 Colliwobble the Chopper (level 2, 0/16 HPs)
             Began as a Vine Stalker Berserker on Jan 31, 2017.
             Was a Follower of Trog.
             Succumbed to an adder's poison
             ... on level 1 of the Dungeon.
             The game lasted 00:01:45 (1078 turns).

Colliwobble the Chopper (Vine Stalker Berserker)    Turns: 1078, Time: 00:01:46

Health: 0/16       AC:  2    Str: 19    XL:     2   Next: 79%
Magic:  3/3        EV: 12    Int:  7    God:    Trog [*.....]
Gold:   112        SH:  0    Dex: 13    Spells: 1/1 levels left

rFire    . . .     SeeInvis .   a - +0 hand axe
rCold    . . .     Gourm    .   b - +0 animal skin
rNeg     . . .     Faith    .   (no shield)
rPois    .         Spirit   +   (no helmet)
rElec    .         Reflect  .   (no cloak)
rCorr    .         Harm     .   (no gloves)
MR       .....                  (no boots)
Stlth    +.........             (no amulet)
Regen    0.1/turn               (no ring)
                                (no ring)

@: lethally poisoned (0 -> -13)
A: fangs 2, magic shield, antimagic bite, no potion heal 3, rot immunity
a: Berserk, Burn Spellbooks, Renounce Religion


You were on level 1 of the Dungeon.
You worshipped Trog.
Trog was aware of your devotion.
You were hungry.

You visited 1 branch of the dungeon, and saw 2 of its levels.

You collected 112 gold pieces.

Inventory:

Hand Weapons
 a - a +0 hand axe (weapon)
Armour
 b - a +0 animal skin (worn)
Scrolls
 d - a scroll of blinking {unknown}
 e - 2 scrolls of amnesia {unknown}
 g - a scroll of teleportation {unknown}
 j - a scroll of remove curse {unknown}
 m - a scroll of identify {unknown}
Potions
 f - a potion of haste {unknown}
 i - 2 potions of ambrosia {unknown}
 k - a potion of cure mutation {unknown}
 l - a potion of curing {unknown}
Comestibles
 c - a bread ration
 h - 3 fruits
 n - a chunk of flesh


   Skills:
 - Level 2.6 Fighting
 + Level 3.6 Axes
 - Level 1.5 Armour
 - Level 1.5 Dodging


You had one spell level left.
You didn't know any spells.

Dungeon Overview and Level Annotations

Branches:
Dungeon (2/15)

Altars:


Innate Abilities, Weirdness & Mutations

You have extremely sharp teeth.
When hurt, damage is shared between your health and your magic reserves.
Your bite disrupts and absorbs the magic of your enemies.
Potions cannot restore your health.
You are immune to rotting.


Message History

You feel sick. The adder closely misses you.
You miss the adder. Your bite misses the adder.
The adder is lightly wounded.
The adder bites you. x2
* * * LOW HITPOINT WARNING * * *
You are more poisoned.
The adder poisons you!
You closely miss the adder. You bite the adder. You drain its power.
You feel invigorated.
The adder is moderately wounded.
* * * LOW HITPOINT WARNING * * *
You feel sick. The adder bites you but does no damage.
You are feeling hungry.
You hit the adder. You bite the adder. You drain its power.
The adder is severely wounded.
* * * LOW HITPOINT WARNING * * *
You feel sick. The adder barely misses you. x2
You miss the adder.
The adder is severely wounded.
You die...

#........##........####..
#........###......## ##.
#........#........# ##
#........#........#######
#........'...............
#........###.............
########.....########........
#......'...S..#######........
#.######....@................
#.# #......#..#####.......
#.# #########..####.......
#.# #......##....... #.#
##########..#.####....... #.#
#.......##...)..##....... #.#
#.....#.##......##....... #.#
#.....#.###.#.####....... #.#
#.......##......##.......


You could see an adder.

Vanquished Creatures
  A leopard gecko (D:1)
  2 goblins (D:1)
  6 hobgoblins (D:1)
  2 jackals (D:1)
  A bat (D:1)
  A frilled lizard (D:1)
  A kobold (D:1)
  3 rats (D:1)
17 creatures vanquished.

Notes
Turn   | Place    | Note
-------+----------+-------------------------------------------
     0 | D:1      | Colliwobble the Vine Stalker Berserker began the quest for the Orb.
     0 | D:1      | Reached XP level 1. HP: 11/11 MP: 2/2
    59 | D:1      | Reached skill level 3 in Axes
   593 | D:1      | Reached XP level 2. HP: 16/16 MP: 3/3
  1078 | D:1      | Succumbed to an adder's poison

Vault maps used:
D:1:      dpeg_arrival_ternary
D:2:      grunt_dithmenos_smoke_and_mirrors

Skill      XL: |  1 |
---------------+----+-----
Axes           | 3 |  3.6
Fighting       | |  2.6
Armour         | |  1.5
Dodging        | |  1.5

Action                   || total
-------------------------++-------
Melee: Hand axe          ||    49
       Bite              ||    15
Armor: Animal skin       ||     4
Dodge: Dodged            ||    31
